 Dungeon Crawl Stone Soup version 0.28-a0-1184-g53156a8862 (console) character file.

Game seed: 10052313314341409230

94 jejorda2 the Chopper (level 4, 0/55 HPs)
             Began as a Palentonga Berserker on Dec 17, 2021.
             Was a Believer of Trog.
             Slain by a gnoll (5 damage)
             ... on level 3 of the Dungeon.
             The game lasted 00:05:55 (1967 turns).

jejorda2 the Chopper (Palentonga Berserker)         Turns: 1967, Time: 00:05:56

Health: 0/55       AC:  7    Str: 22    XL:     4   Next: 38%
Magic:  4/4        EV:  7    Int:  8    God:    Trog [**....]
Gold:   50         SH:  4    Dex:  9    Spells: 3/3 levels left

rFire   + . .      SeeInvis +   a - +0 hand axe
rCold   + + .      Faith    .   e - +1 buckler {rC+}
rNeg    . . .      Spirit   .   m - +1 scale mail {rF+}
rPois   +          Reflect  .   (no helmet)
rElec   .          Harm     .   (no cloak)
rCorr   .          Rampage  .   (no gloves)
Will    .....                   (no barding)
Stlth   ..........              (no amulet)
HPRegen 0.18/turn               d - ring of protection from cold
MPRegen 0.09/turn               b - ring of poison resistance

@: berserking, very quick
A: large, rugged brown scales 3, see invisible, deformed body, roll 1, armoured
tail
a: Rolling Charge, Renounce Religion, Berserk, Trog's Hand


You were on level 3 of the Dungeon.
You worshipped Trog.
Trog was pleased with you.
You visited 1 branch of the dungeon, and saw 3 of its levels.

You collected 50 gold pieces.

Inventory:

Hand Weapons
 a - a +0 hand axe (weapon)
 f - a +0 mace
Armour
 e - a +1 buckler of cold resistance (worn)
 m - a +1 scale mail of fire resistance (worn)
Jewellery
 b - a ring of poison resistance (right hand)
 d - a ring of protection from cold (left hand)
Scrolls
 g - a scroll of immolation {unknown}
 j - a scroll of teleportation {unknown}
 k - a scroll of fear {unknown}
 l - a scroll of enchant weapon {unknown}
Potions
 c - a potion of invisibility {unknown}
 h - a potion of lignification {unknown}


   Skills:
 + Level 3.4 Fighting
 * Level 3.8 Axes
 + Level 2.1 Armour
 - Level 1.5 Dodging
 * Level 1.6 Shields


You had 3 spell levels left.
You didn't know any spells.
Your spell library was empty.

Dungeon Overview and Level Annotations

Branches:
Dungeon (3/15)

Altars:


Innate Abilities, Weirdness & Mutations

You are completely covered in rugged brown scales. (AC +3, +7% HP)
You have supernaturally acute eyesight. (SInv)
Armour fits poorly on your strangely shaped body.
You can roll at nearby foes to attack.
You have a long armoured tail.


Message History

Press: ? - help, Dir - move target, f - gnoll
Aim: a gnoll, wielding a +0 flail You roll forward with a clatter of scales!
You closely miss the gnoll. You tail-slap the gnoll.
The gnoll is moderately wounded.
The gnoll hits you with a +0 flail!
You hit the gnoll.
The gnoll is severely wounded.
You block the gnoll's attack.
You barely miss the gnoll.
The gnoll is severely wounded.
The gnoll hits you with a +0 flail.
You hit the gnoll but do no damage.
The gnoll is severely wounded.
The gnoll barely misses you.
You hit the gnoll.
The gnoll is almost dead.
The gnoll barely misses you.
A gnoll comes into view. It is wielding a +1 halberd of flaming.
You slash the gnoll!
You kill the gnoll!
Trog accepts your kill.
Roll where?
Press: ? - help, Dir - move target, f - gnoll
Aim: a gnoll, wielding a +1 halberd of flaming You roll forward with a clatter of scales!
You barely miss the gnoll.
The gnoll hits you with a +1 halberd of flaming.
The gnoll hits you with a +1 halberd of flaming!
* * * LOW HITPOINT WARNING * * *
A red film seems to cover your vision as you go berserk!
You feel yourself moving faster!
You feel mighty!
The gnoll hits you with a +1 halberd of flaming.
* * * LOW HITPOINT WARNING * * *
You closely miss the gnoll.
Your tail-slap misses the gnoll.
You barely miss the gnoll. The gnoll barely misses you.
You slash the gnoll!
The gnoll is heavily wounded.
The gnoll hits you with a +1 halberd of flaming.
You die...

#.# #.## #.#
#.## #.# #.##
..#####.##
#######.##
..g......
.......>..
......))#
#########.##
#)# #.........#
#g# #.#########
.######@# #.#
......)°# #.#
.######°#####.#
#....##.#
####.##.#
#.##.# #†##.#
#.##.#
#.##.##########


You could see a gnoll.

Vanquished Creatures
  2 gnolls (D:3)
  2 adders
  2 worms (D:2)
  2 orcs (D:3)
  2 bats (D:2)
  4 endoplasms
  4 giant cockroaches
  6 goblins
  6 hobgoblins
  3 kobolds
  3 quokkas
  5 ball pythons
  3 frilled lizards
  2 rats (D:1)
46 creatures vanquished.

Notes
Turn   | Place    | Note
-------+----------+-------------------------------------------
     0 | D:1      | jejorda2 the Palentonga Berserker began the quest for the
                  | Orb.
     0 | D:1      | Reached XP level 1. HP: 19/19 MP: 1/1
   294 | D:1      | Reached XP level 2. HP: 23/25 MP: 2/2
  1080 | D:2      | Reached skill level 1 in Shields
  1089 | D:2      | Reached XP level 3. HP: 28/31 MP: 3/3
  1384 | D:2      | Found a faded altar of an unknown god.
  1530 | D:3      | Reached ** piety under Trog
  1931 | D:3      | Reached XP level 4. HP: 37/37 MP: 4/4
  1967 | D:3      | Slain by a gnoll

Illustrated notes

Levels and vault maps discovered:
D:1:      nicolae_arrival_washed_ashore, layout_basic
D:2:      layout_rooms, chequers_ecumenical_altar_island
D:3:      layout_loops_ring

Skill      XL: |  1  2  3 |
---------------+----------+-----
Shields        | 1 |  1.6
Armour         | 2 |  2.1
Fighting       | |  3.4
Axes           | |  3.8
Dodging        | |  1.5

Action                   |  1- 3 |  4- 6 || total
-------------------------+-------+-------++-------
Melee: Hand axe          |   104 |    19 ||   123
       Tailslap          |     9 |     2 ||    11
Invok: Berserk           |     2 |     1 ||     3
 Abil: Rolling Charge    |    29 |     4 ||    33
Armor: Animal skin       |     2 |       ||     2
       Ring mail         |    21 |       ||    21
       Scale mail        |     7 |     2 ||     9
Dodge: Dodged            |    26 |     5 ||    31
Block: Buckler           |     9 |     1 ||    10

Table legend: (Time is in decaauts)
 A = Elapsed time spent in this place.
 B = Non-inter-level travel time spent in this place.
 C = Inter-level travel time spent in this place.
 D = Time resting spent in this place.
 E = Time spent auto-exploring this place.
 F = Levels seen in this place.
 G = Mean time per level.
                   A        B        C        D        E       F      G
               +--------+--------+--------+--------+--------+-----+--------+
         Total |   2005 |   1979 |     26 |     46 |   1519 |   3 |  668.3 |
       Dungeon |   2005 |   1979 |     26 |     46 |   1519 |   3 |  668.3 |
               +--------+--------+--------+--------+--------+-----+--------+

Top non-repeatable levels by time:
     D:1: 920 daAuts
     D:2: 823 daAuts
     D:3: 261 daAuts
